 Dungeon Crawl Stone Soup version 0.23-a0-445-g768d57b (webtiles) character file.

263 tatocazan the Ruffian (level 5, -9/54 HPs)
             Began as a Troll Fighter on Nov 17, 2018.
             Mangled by an ogre
             ... wielding a +0 giant club
              (12 damage)
             ... on level 4 of the Dungeon.
             The game lasted 00:04:16 (2523 turns).

tatocazan the Ruffian (Troll Fighter)               Turns: 2523, Time: 00:04:17

Health: -9/54      AC:  5    Str: 29    XL:     5   Next: 98%
Magic:  4/4        EV:  9    Int:  4    God:
Gold:   148        SH: 10    Dex: 18    Spells: 4/4 levels left

rFire    . . .     SeeInvis .     - Unarmed
rCold    . . .     Gourm    +   b - +0 shield
rNeg     . . .     Faith    .   a - +0 robe
rPois    .         Spirit   .   (helmet restricted)
rElec    .         Reflect  .   (no cloak)
rCorr    .         Harm     .   (gloves unavailable)
MR       .....                  (boots unavailable)
Stlth    ++........             (no amulet)
HPRegen  0.58/turn              f - +6 ring of dexterity
MPRegen  0.09/turn              i - +2 ring of dexterity

@: mighty
A: large, unfitting armour, claws 3, fast metabolism 3, gourmand, regeneration
1, shaggy fur 1, tough skin 2
a: no special abilities


You were on level 4 of the Dungeon.
You were full.

You visited 1 branch of the dungeon, and saw 4 of its levels.

You collected 148 gold pieces.

Inventory:

Armour
 a - a +0 robe (worn)
 b - a +0 shield (worn)
Jewellery
 f - a +6 ring of dexterity (left claw)
 i - a +2 ring of dexterity (right claw)
Wands
 m - a wand of polymorph (8)
Scrolls
 g - 3 scrolls of identify {unknown}
 h - 5 scrolls of enchant armour {unknown}
 j - a scroll of fog {unknown}
 l - a scroll of immolation {unknown}
 p - 2 scrolls of teleportation {unknown}
 q - 2 scrolls of remove curse {unknown}
Potions
 e - 2 potions of flight {unknown}
 k - a potion of agility {unknown}
 n - a potion of heal wounds {unknown}
 o - 2 potions of curing {unknown}
Comestibles
 d - 10 rations


   Skills:
 + Level 3.7 Fighting
 - Level 2.4 Dodging
 - Level 2.4 Shields
 * Level 5.3 Unarmed Combat


You had 4 spell levels left.
You didn't know any spells.
Your spell library was empty.

Dungeon Overview and Level Annotations

Branches:
Dungeon (4/15)
 Temple: D:4-7

Altars:


Innate Abilities, Weirdness & Mutations

You are too large for most types of armour.
You have claws for hands.
Your metabolism is lightning-fast.
You like to eat raw meat.
Your natural rate of healing is unusually fast.
You are covered in fur. (AC +1)
You have very tough skin. (AC +2)


Message History

You mangle the ogre!!
The ogre is severely wounded.
You barely miss the ogre.
The ogre is severely wounded.
The ogre hits you with a +0 giant club.
You take 5 damage, and have 26/54 hp.
You are too injured to fight recklessly!
You scratch the ogre.
The ogre is severely wounded.
You block the ogre's attack.
You barely miss the ogre.
The ogre is severely wounded.
The ogre hits you with a +0 giant club!!
* * * LOW HITPOINT WARNING * * *
You take 25 damage, and have 2/54 hp.
MASSIVE DAMAGE!!
You feel very mighty all of a sudden.
You claw the ogre!
The ogre is almost dead.
The ogre hits you with a +0 giant club!
You die...

#.. .# ##.# ..#
##..####.)##
##...........
#..........#
#..........##
##...........# .
##.........<.[#..
#@†#...(.........
##O##............. #
##.o##.....<.......
....#.....####.........
.......................
..?.........#........#.
.......?....#........#
............#........#
............########...


You could see an ogre and an orc.

Vanquished Creatures
  2 orc priests
  2 orc wizards
  3 gnolls (D:3)
  4 adders
  An ooze (D:3)
  A dart slug (D:2)
  2 leopard geckos
  9 orcs
  A ball python (D:1)
  6 bats (D:1)
  4 giant cockroaches
  4 goblins
  5 hobgoblins
  3 jackals (D:1)
  8 kobolds
  A quokka (D:3)
  10 frilled lizards
  3 rats (D:1)
69 creatures vanquished.

Notes
Turn   | Place    | Note
-------+----------+-------------------------------------------
     0 | D:1      | tatocazan the Troll Fighter began the quest for the Orb.
     0 | D:1      | Reached XP level 1. HP: 22/22 MP: 0/0
   117 | D:1      | Reached XP level 2. HP: 27/29 MP: 1/1
   359 | D:1      | Reached skill level 3 in Unarmed Combat
   526 | D:1      | Reached XP level 3. HP: 36/36 MP: 2/2
  1206 | D:2      | Found a faded altar of an unknown god.
  1410 | D:2      | Reached skill level 4 in Unarmed Combat
  1410 | D:2      | Reached XP level 4. HP: 16/45 MP: 3/3
  1726 | D:3      | Reached XP level 5. HP: 24/53 MP: 4/4
  2060 | D:3      | Reached skill level 5 in Unarmed Combat
  2506 | D:4      | Noticed an ogre
  2521 | D:4      | HP: 2/54 [ogre/+0 giant club (26)]
  2523 | D:4      | Mangled by an ogre

Vault maps used:
D:1:      roderic_chinese_lattice_arrival
D:2:      minmay_angry_zag, chequers_ecumenical_altar_simple
D:4:      gammafunk_temple_overflow_statue, minmay_temple_entry_waves,
          uniq_grinder

Skill      XL: |  1  2  3  4  5 |
---------------+----------------+-----
Unarmed Combat | 3 4 5 |  5.3
Fighting       | 3 |  3.7
Dodging        | |  2.4
Shields        | |  2.4

Action                   |  1- 3 |  4- 6 || total
-------------------------+-------+-------++-------
Melee: Unarmed           |   100 |    92 ||   192
  Use: Potion            |       |     1 ||     1
 Stab: Sleeping          |     1 |       ||     1
  Eat: Chunk             |    18 |     8 ||    26
Armor: Robe              |    27 |    29 ||    56
Dodge: Dodged            |    34 |    18 ||    52
Block: Shield            |    45 |    27 ||    72

Table legend:
 A = Non-vault XP
 B = Vault XP
 C = Vault XP percentage of total XP
 D = Non-vault monster count
 E = Vault monster count
 F = Vault count percentage of total count
                 A         B        C        D         E       F
            +---------+---------+-------+---------+---------+-------
      Total |     356 |      21 |   5.6 |      64 |       5 |   7.2
            +---------+---------+-------+---------+---------+-------
        D:1 |      41 |       0 |   0.0 |      25 |       0 |   0.0
        D:2 |      73 |      21 |  22.3 |      12 |       5 |  29.4
        D:3 |     182 |       0 |   0.0 |      23 |       0 |   0.0
        D:4 |      60 |       0 |   0.0 |       4 |       0 |   0.0
            +---------+---------+-------+---------+---------+-------
